 Dungeon Crawl Stone Soup version 0.27.1-1-g398f81649c (webtiles) character file.

Game seed: 2713874804427922848

35 dtburroughs the Chopper (level 3, 0/33 HPs)
             Began as a Minotaur Berserker on Sept 9, 2021.
             Was a Believer of Trog.
             Slain by a worm (6 damage)
             ... on level 2 of the Dungeon.
             The game lasted 00:01:33 (1069 turns).

dtburroughs the Chopper (Minotaur Berserker)        Turns: 1069, Time: 00:01:34

Health: 0/33       AC:  6    Str: 21    XL:     3   Next: 16%
Magic:  2/2        EV: 11    Int:  5    God:    Trog [**....]
Gold:   49         SH:  0    Dex:  9    Spells: 2/2 levels left

rFire    . . .     SeeInvis .   a - +0 hand axe
rCold    + . .     Faith    .   (no shield)
rNeg     . . .     Spirit   .   g - +0 ring mail
rPois    .         Reflect  .   (helmet restricted)
rElec    .         Harm     .   c - +0 cloak
rCorr    .         Rampage  .   (no gloves)
Will     ++...                  (no boots)
Stlth    ..........             (no amulet)
HPRegen  1.11/turn              f - ring of protection from cold
MPRegen  0.08/turn              (no ring)

@: lethally poisoned (0 -> -3), strong-willed (expiring), regenerating
(expiring)
A: horns 2, retaliatory headbutt
a: Renounce Religion, Berserk, Trog's Hand


You were on level 2 of the Dungeon.
You worshipped Trog.
Trog was pleased with you.
You visited 1 branch of the dungeon, and saw 2 of its levels.

You collected 49 gold pieces.

Inventory:

Hand Weapons
 a - a +0 hand axe (weapon)
Armour
 b - a +0 animal skin
 c - a +0 cloak (worn)
 g - a +0 ring mail (worn)
Jewellery
 f - a ring of protection from cold (left hand)
Scrolls
 h - a scroll of identify {unknown}
Potions
 d - a potion of attraction {unknown}
 e - a potion of might {unknown}


   Skills:
 + Level 4.1 Fighting
 + Level 4.1 Axes
 + Level 3.0 Armour
 + Level 2.7 Dodging


You had 2 spell levels left.
You didn't know any spells.
Your spell library was empty.

Dungeon Overview and Level Annotations

Branches:
Dungeon (2/15)

Altars:


Innate Abilities, Weirdness & Mutations

You have a pair of horns on your head.
You reflexively headbutt those who attack you in melee.


Message History

Found a spear.
You see here a +0 spear.
An adder and a worm come into view.
The adder hisses angrily.
Found an escape hatch in the ceiling.
The adder bites you but does no damage. The adder closely misses you.
You miss the adder. Your headbutt misses the adder. The adder misses you.
You miss the adder. The adder bites you.
You are poisoned.
The adder poisons you! The adder bites you.
You miss the adder.
You feel sick. The adder bites you.
You barely miss the adder.
You feel sick. The adder bites you but does no damage.
You miss the adder. Your headbutt misses the adder.
You feel sick. The adder bites you. x2
You hit the adder.
The adder is heavily wounded.
You hit the worm.
You feel sick. The adder bites you but does no damage.
You closely miss the adder. You headbutt the adder.
The adder is heavily wounded.
You hit the worm.
You feel sick.
You are no longer poisoned.
The adder bites you.
You are poisoned.
The adder poisons you! The adder bites you but does no damage.
The worm closely misses you.
You closely miss the adder.
The adder is heavily wounded.
You hit the worm.
You feel sick. The adder bites you.
* * * LOW HITPOINT WARNING * * *
You are lethally poisoned!
The adder poisons you!
Your skin crawls.
You feel strong-willed.
You feel the effects of Trog's Hand fading.
You feel sick. The adder bites you.
* * * LOW HITPOINT WARNING * * *
You are more poisoned.
The adder poisons you! The worm bites you.
You die...

#..........#...#
#..# #.#
#.........#...# #..#
.#
#.............###..#
#
#..................#
#.........#...#.....
###.#.#####...#....
#.#)........#....
#................
#######@..#....
#Sw.#.....
#...#..... #...#
#...# ..... <..##.
...# .#


You could see a worm and an adder.

Vanquished Creatures
  2 dart slugs (D:1)
  3 ball pythons (D:1)
  2 endoplasms
  2 giant cockroaches (D:1)
  3 goblins (D:1)
  2 hobgoblins (D:1)
  4 kobolds (D:1)
  3 bats (D:1)
  2 frilled lizards (D:1)
  5 rats (D:1)
28 creatures vanquished.

Notes
Turn   | Place    | Note
-------+----------+-------------------------------------------
     0 | D:1      | dtburroughs the Minotaur Berserker began the quest for the
                  | Orb.
     0 | D:1      | Reached XP level 1. HP: 19/19 MP: 0/0
   338 | D:1      | Reached XP level 2. HP: 21/27 MP: 1/1
   833 | D:1      | Reached XP level 3. HP: 33/33 MP: 2/2
   891 | D:1      | Reached ** piety under Trog
  1043 | D:2      | Found a faded altar of an unknown god.
  1069 | D:2      | Slain by a worm

Illustrated notes

Levels and vault maps discovered:
D:1:      amcnicky_arrival_blooded_trapdoor, layout_basic
D:2:      layout_basic, ebering_ecumenical_altar_sacrificial,
          minmay_crystal_room, minmay_worlds_worst_comb

Skill      XL: |  1  2 |
---------------+-------+-----
Fighting       | 4 |  4.1
Axes           | 4 |  4.1
Armour         | 3 |  3.0
Dodging        | |  2.7

Action                   || total
-------------------------++-------
Melee: Hand axe          ||    53
       Headbutt          ||    11
Invok: Trog's Hand       ||     1
Armor: Animal skin       ||    10
       Ring mail         ||    10
Dodge: Dodged            ||    49
